 Dungeon Crawl Stone Soup version 0.24-a0-639-gb70a11d811 (webtiles) character file.

Game seed: 6760486962120209852, levelgen mode: deterministic

11526 Masnef the Placeless Human (level 12, -13/89 HPs)
             Began as a Human Warper on Sept 20, 2019.
             Was a Believer of Ashenzari.
             Mangled by a komodo dragon (21 damage)
             ... on level 2 of the Lair of Beasts on Sept 21, 2019.
             The game lasted 01:21:08 (25380 turns).

Masnef the Placeless Human (Human Warper)          Turns: 25380, Time: 01:21:09

Health: -13/89     AC: 12    Str: 18    XL:     12   Next: 8%
Magic:  16/16      EV: 16    Int: 15    God:    Ashenzari [**....]
Gold:   812        SH:  0    Dex: 14    Spells: 3/17 levels left

rFire    + . .     SeeInvis .   P - +9 mace "Istrempu" {crush, *Contam rElec Str+4 Stlth+} (curse)
rCold    . . .     Gourm    .   (no shield)
rNeg     . . .     Faith    .   y - +1 ring mail {rF+} (curse)
rPois    .         Spirit   .   (no helmet)
rElec    +         Reflect  .   F - +1 cloak (curse)
rCorr    .         Harm     .   (no gloves)
MR       .....                  n - +1 pair of boots (curse)
Stlth    ++........             (no amulet)
HPRegen  0.24/turn              (no ring)
MPRegen  0.15/turn              (no ring)

@: no status effects
A: no striking features
a: Curse Item, Scrying, Renounce Religion


You were on level 2 of the Lair of Beasts.
You worshipped Ashenzari.
Ashenzari was pleased with you.
You were not hungry.

You visited 2 branches of the dungeon, and saw 13 of its levels.
You also visited: Ossuary.

You collected 812 gold pieces.

Inventory:

Hand Weapons
 a - a +0 mace
 g - a +2 rapier of draining
 o - a +1 flail
 q - a +2 hand axe of freezing
 D - a +2 mace of protection
 H - a +1 scimitar of freezing
 J - a +2 flail
 P - the cursed +9 mace "Istrempu" (weapon) {crush, *Contam rElec Str+4 Stlth+}
   (You found it on level 11 of the Dungeon)

   It inflicts extra damage upon your enemies.
   It affects your strength (+4).
   It insulates you from electricity.
   It causes magical contamination when unequipped.
   It makes you more stealthy.
   It has a curse placed upon it.
Missiles
 e - 4 boomerangs of dispersal
 p - 23 boomerangs
 t - 47 poisoned darts (quivered)
 O - 2 throwing nets
Armour
 b - a +0 leather armour
 n - a cursed +1 pair of boots (worn)
 u - a +2 leather armour of poison resistance
 y - a cursed +1 ring mail of fire resistance (worn)
 F - a cursed +1 cloak (worn)
Wands
 s - a wand of acid (1)
 x - a wand of polymorph (18)
 B - a wand of paralysis (13)
Scrolls
 c - a scroll of immolation
 d - 3 scrolls of blinking
 l - 3 scrolls of identify
 r - 2 scrolls of amnesia
 A - 3 scrolls of magic mapping
 E - a scroll of enchant weapon
 G - a scroll of vulnerability
 I - 4 scrolls of enchant armour
 K - 2 scrolls of remove curse
 M - a scroll of fear
Potions
 f - 3 potions of mutation
 h - 2 potions of lignification
 i - 3 potions of haste
 j - 2 potions of resistance
 k - 5 potions of flight
 m - 2 potions of ambrosia
 v - 3 potions of agility
 w - 2 potions of curing
 C - a potion of degeneration
 L - a potion of invisibility
 N - 2 potions of heal wounds
Comestibles
 z - 10 rations
 Q - 4 chunks of flesh


   Skills:
 + Level 6.8 Fighting
 - Level 9.0(11.2) Maces & Flails
 - Level 2.0 Throwing
 - Level 5.2(6.6) Armour
 + Level 7.7(9.2) Dodging
 - Level 2.0 Stealth
 * Level 3.1 Spellcasting
 - Level 2.0 Charms
 * Level 11.2 Translocations


You had 3 spell levels left.
You knew the following spells:

 Your Spells              Type           Power        Failure   Level  Hunger
a - Blink                 Tloc           N/A          1%          2    ##.....
b - Shroud of Golubria    Chrm/Tloc      ###...       3%          2    ##.....
c - Teleport Other        Tloc           #####...     1%          3    ###....
d - Gell's Gravitas       Tloc           #####.....   1%          3    ###....
e - Passage of Golubria   Tloc           N/A          3%          4    #####..

Your spell library contained the following spells:

 Spells                   Type           Power        Failure   Level  Hunger
 Lesser Beckoning         Tloc           #####.....   1%          3    ###....
 Magic Dart               Conj           #...         32%         1    #......
 Searing Ray              Conj           #.....       45%         2    ##.....
 Dazzling Spray           Conj/Hex       #.....       69%         3    ###....
 Force Lance              Conj/Tloc      ###.....     32%         4    #####..
 Fulminant Prism          Conj/Hex       #.........   97%         4    #####..
 Iskenderun's Mystic Bla  Conj           #.......     97%         4    #####..
 Irradiate                Conj/Tmut      #.........   100%        5    ######.
 Hydra Form               Tmut           #.........   100%        6    #######
 Statue Form              Tmut/Erth      #........    100%        6    #######
 Dragon Form              Tmut           #.........   100%        7    #######


Dungeon Overview and Level Annotations

Branches:
Dungeon (11/15)            Temple (0/1) D:6            Lair (2/6) D:10
Ossuary (visited)
  Swamp: Lair:2-4    Shoals: Lair:2-4     Snake: Lair:2-4    Spider: Lair:2-4
    Orc: D:9-12

Altars:
Ashenzari
Cheibriados
Dithmenos
Elyvilon
Fedhas
Gozag
Hepliaklqana
Kikubaaqudgha
Nemelex Xobeh
Okawaru
Ru
Sif Muna
Xom
Zin
The Shining One

Shops:
D:10 (

Annotations:
D:3 phantm


Message History

The komodo dragon barely misses you.
You hit the komodo dragon but do no damage.
The komodo dragon is moderately wounded.
You hit the komodo dragon.
The komodo dragon is heavily wounded.
The komodo dragon bites you!!
You barely miss the komodo dragon.
The komodo dragon is heavily wounded.
The komodo dragon bites you!!
You hit the komodo dragon.
The komodo dragon is heavily wounded.
The komodo dragon misses you.
You sock the komodo dragon!
The komodo dragon is almost dead.
The komodo dragon bites you!!
* * * LOW HITPOINT WARNING * * *
You barely miss the komodo dragon.
The komodo dragon is almost dead.
The komodo dragon bites you!!
You die...

, , .................
... ................. ,,
, ,
..,,......##...#....# ,
* #..,##.....#....##..#
**
*#..*#.....#......#..#
,,,
.###..##..............P#
,
.../....................
*
...................##...
......l@.../.......# ##.
, .....#.............# #
* #.# *###......##P.##
*** ##P######### ###


You could see a komodo dragon.

Vanquished Creatures
  Erolcha (D:9)
  3 two-headed ogres
  An unseen horror (D:10)
  A centaur zombie (D:10)
  Joseph (D:10)
  Psyche (D:8)
  A spiny frog (Lair:1)
  A troll (D:10)
  2 hippogriffs
  A hungry ghost (D:10)
  A water moccasin (Lair:1)
  3 ice beasts
  A phantom (D:3)
  4 sky beasts
  8 wolves (Lair:1)
  6 ogres
  9 centaurs
  4 big kobolds
  A crocodile (D:8)
  7 bullfrogs
  A wyvern skeleton (D:10)
  4 scorpions
  5 killer bees
  5 wights
  6 electric eels (D:10)
  A vampire bat (D:5)
  3 howler monkeys (D:7)
  3 crimson imps
  8 orc priests
  A bullfrog skeleton (D:5)
  8 hounds
  3 jellies
  9 orc wizards
  Crazy Yiuf (D:2)
  Natasha (thrice) (D:3)
  An iguana (D:6)
  9 worker ants
  A big kobold zombie (Ossuary)
  A hound zombie (D:10)
  A hound skeleton (D:8)
  8 mummies (Ossuary)
  A killer bee simulacrum (D:9)
  3 howler monkey skeletons
  A worker ant zombie (D:8)
  10 gnolls
  5 adders
  4 shadow imps
  3 oozes
  2 worms
  A dart slug (D:2)
  5 leopard geckos
  41 orcs
  2 giant cockroaches
  2 gnoll zombies (Ossuary)
  3 goblins
  4 hobgoblins
  10 jackals
  27 kobolds
  7 quokkas
  A ball python (D:2)
  9 bats
  11 frilled lizards
  3 hobgoblin zombies
  2 kobold zombies (Ossuary)
  A leopard gecko skeleton (D:6)
  A leopard gecko zombie (D:5)
  An orc zombie (Ossuary)
  2 quokka skeletons
  11 rats
  A fungus (D:2)
313 creatures vanquished.

Vanquished Creatures (others)
  A quokka (D:3)
  A rat (D:3)
  A plant (D:10)
3 creatures vanquished.

Grand Total: 316 creatures vanquished

Notes
Turn   | Place    | Note
-------+----------+-------------------------------------------
     0 | D:1      | Masnef the Human Warper began the quest for the Orb.
     0 | D:1      | Reached XP level 1. HP: 16/16 MP: 3/3
    21 | D:1      | Reached XP level 2. HP: 19/22 MP: 5/5
    25 | D:1      | Learned a level 2 spell: Blink
    28 | D:1      | Learned a level 2 spell: Shroud of Golubria
   670 | D:2      | Reached XP level 3. HP: 26/27 MP: 6/6
  1434 | D:2      | Reached XP level 4. HP: 28/33 MP: 7/7
  1439 | D:2      | Learned a level 3 spell: Teleport Other
  1671 | D:2      | Found a shimmering blue altar of Sif Muna.
  2077 | D:2      | Found a runed translucent door.
  2078 | D:2      | Noticed Crazy Yiuf
  3300 | D:3      | Reached XP level 5. HP: 18/38 MP: 3/8
  3867 | D:4      | Noticed Natasha
  4241 | D:3      | Found a faded altar of an unknown god.
  4309 | D:3      | Found a white marble altar of Elyvilon.
  4343 | D:3      | Reached skill level 5 in Maces & Flails
  4343 | D:3      | Reached XP level 6. HP: 24/44 MP: 6/9
  4945 | D:3      | Found a white marble altar of Elyvilon.
  5112 | D:3      | Found a faded altar of an unknown god.
  5421 | D:3      | Found a white marble altar of Elyvilon.
  5663 | D:3      | Found a faded altar of an unknown god.
  5698 | D:4      | Noticed a phantom
  6096 | D:3      | Killed Natasha
  6491 | D:3      | Noticed Natasha
  6509 | D:3      | Killed Natasha
  6714 | D:3      | Found a faded altar of an unknown god.
  6810 | D:3      | Found a white marble altar of Elyvilon.
  7002 | D:4      | Reached skill level 1 in Stealth
  7002 | D:4      | Reached skill level 4 in Translocations
  7408 | D:3      | Noticed Natasha
  7414 | D:3      | Killed Natasha
  7414 | D:3      | Reached XP level 7. HP: 50/50 MP: 7/10
  8267 | D:5      | Entered Level 5 of the Dungeon
  8996 | D:5      | Found a glowing golden altar of the Shining One.
  8997 | D:5      | Found a shadowy altar of Dithmenos.
  9007 | D:5      | Found a snail-covered altar of Cheibriados.
  9007 | D:5      | Found a blossoming altar of Fedhas.
  9013 | D:5      | Found a hazy altar of Hepliaklqana.
  9013 | D:5      | Found a shattered altar of Ashenzari.
  9014 | D:5      | Found an opulent altar of Gozag.
  9022 | D:5      | Became a worshipper of Ashenzari the Shackled
  9425 | D:5      | Reached XP level 8. HP: 28/56 MP: 6/11
  9599 | D:5      | Found a sparkling altar of Nemelex Xobeh.
  9743 | D:6      | Found a sand-covered staircase.
  9902 | Ossuary  | Entered an ossuary
 11002 | D:6      | Reached skill level 5 in Translocations
 11013 | D:6      | Reached skill level 5 in Dodging
 11287 | D:6      | Found an ancient bone altar of Kikubaaqudgha.
 11578 | D:6      | Found a staircase to the Ecumenical Temple.
 11603 | D:6      | Reached XP level 9. HP: 37/61 MP: 12/12
 11737 | D:6      | Found a glowing silver altar of Zin.
 12503 | D:2      | Killed Crazy Yiuf
 12503 | D:2      | Reached skill level 1 in Charms
 13398 | D:6      | Reached skill level 6 in Translocations
 14028 | D:7      | Reached * piety under Ashenzari
 14044 | D:7      | Found a glowing silver altar of Zin.
 14044 | D:7      | Noticed a hippogriff
 14048 | D:7      | Found a sacrificial altar of Ru.
 14048 | D:7      | Found a shimmering altar of Xom.
 14065 | D:7      | Killed a hippogriff
 14232 | D:7      | Found a white marble altar of Elyvilon.
 14232 | D:7      | Found a shimmering altar of Xom.
 14232 | D:7      | Found a shadowy altar of Dithmenos.
 14614 | D:7      | Reached skill level 7 in Translocations
 14614 | D:7      | Reached XP level 10. HP: 34/73 MP: 10/13
 14833 | D:8      | Reached skill level 5 in Fighting
 14875 | D:8      | Noticed Psyche
 14916 | D:8      | Killed Psyche
 15073 | D:8      | Upgraded the game from 0.24-a0-630-g0d56a851f4 to
                  | 0.24-a0-639-gb70a11d811
 15499 | D:7      | Reached skill level 8 in Translocations
 15577 | D:8      | Learned a level 3 spell: Gell's Gravitas
 15717 | D:8      | Found an iron altar of Okawaru.
 16264 | D:9      | Noticed a two-headed ogre
 16578 | D:8      | Killed a two-headed ogre
 16817 | D:9      | Noticed a two-headed ogre
 16851 | D:9      | Killed a two-headed ogre
 16851 | D:9      | Reached skill level 9 in Translocations
 16873 | D:9      | HP: 3/77 [bullfrog (4)]
 17323 | D:8      | Reached XP level 11. HP: 15/83 MP: 11/14
 17977 | D:9      | Noticed Erolcha
 18436 | D:9      | Killed Erolcha
 18436 | D:9      | Reached skill level 10 in Translocations
 18442 | D:9      | Learned a level 4 spell: Passage of Golubria
 18616 | D:9      | Found a sacrificial altar of Ru.
 18756 | D:10     | Entered Level 10 of the Dungeon
 18802 | D:10     | Noticed a two-headed ogre
 19346 | D:9      | Killed a two-headed ogre
 19550 | D:10     | Noticed Joseph
 19963 | D:10     | Found a staircase to the Lair.
 20203 | D:10     | Killed Joseph
 20647 | Lair:1   | Entered Level 1 of the Lair of Beasts
 21303 | D:10     | Killed an unseen horror
 21303 | D:10     | Reached skill level 5 in Armour
 21670 | D:9      | Reached skill level 11 in Translocations
 24099 | D:10     | Found Tomeoka's Weapon Emporium.
 24268 | D:11     | Identified the +9 mace "Istrempu" {crush, *Contam rElec
                  | Str+4 Stlth+}
 24678 | Lair:1   | Reached ** piety under Ashenzari
 24720 | Lair:1   | Reached XP level 12. HP: 69/89 MP: 14/16
 25380 | Lair:2   | Mangled by a komodo dragon

Levels and vault maps discovered:
D:1:      minmay_arrival_semitransparent, layout_loops_cross
D:2:      layout_basic, lemuel_crystal_altar, uniq_crazy_yiuf_cottage
D:3:      layout_loops_ring, chequers_ecumenical_altar_lobes, elyvilon_altar_4
D:4:      layout_rooms, uniq_natasha
D:5:      layout_rooms, grunt_temple_overflow_open, first_ration,
          roderic_batcave, nemelex_spade_bored_becter
D:6:      layout_loops_corners, kiku_gazebo_garden_becter, kennysheep_mini_moat,
          minmay_temple_entry_sparse_star, enter_ossuary_3
D:7:      layout_basic, doesnt_xom_only_xom, serial_rivers,
          chequers_serial_rivers_small_a, chequers_serial_rivers_large_a,
          chequers_serial_rivers_small_b, chequers_serial_rivers_micro_b,
          minmay_misc_feat_columns, grunt_ogre_cave
D:8:      layout_rooms, lemuel_doored_altar, uniq_psyche
D:9:      layout_cave_pools, old_standard_altar, kennysheep_just_a_vault,
          uniq_erolcha
D:10:     layout_cave_pools, lair_entry_dummy, serial_bayou,
          serial_bayou_lake_a, serial_bayou_shore_b, serial_bayou_shore_b,
          serial_bayou_pond_a, serial_bayou_lagoon_a, kennysheep_windowed_goal,
          uniq_joseph
D:11:     layout_long_grid, zombieorc2_lemuel, okawaru_humans
Lair:1:   beast_lair_carwin_large_1, layout_hall_layers, fungi_pond_lemuel
Lair:2:   layout_gridlike

Skill      XL: |  1  2  3  4  5  6  7  8  9 10 11 12 |
---------------+-------------------------------------+-----
Maces & Flails | 3 4 5 6 7 9 |  9.0
Stealth        | 1 2 |  2.0
Translocations | 4 5 7 9 11 | 11.2
Dodging        | 3 5 7 |  7.7
Charms         | 2 |  2.0
Fighting       | 4 6 |  6.8
Armour         | 3 5 |  5.2
Throwing       | 2 |  2.0
Spellcasting   | 3 |  3.1

Action                   |  1- 3 |  4- 6 |  7- 9 | 10-12 || total
-------------------------+-------+-------+-------+-------++-------
Melee: Mace              |   112 |    53 |       |    56 ||   221
       Flail             |       |   190 |   586 |   653 ||  1429
       Hand axe          |       |    12 |       |       ||    12
       Unarmed           |       |       |       |     5 ||     5
Throw: Boomerang         |       |       |     1 |       ||     1
       Dart              |       |       |       |    18 ||    18
 Cast: Shroud of Golubri |     1 |    11 |    33 |    49 ||    94
       Teleport Other    |       |     3 |       |    10 ||    13
       Blink             |       |       |       |    12 ||    12
       Gell's Gravitas   |       |       |       |     2 ||     2
       Passage of Golubr |       |       |       |     1 ||     1
Invok: Curse Item        |       |       |     2 |     3 ||     5
Evoke: Wand              |       |       |     1 |     4 ||     5
  Use: Scroll            |       |     3 |    14 |     6 ||    23
       Potion            |       |       |       |     3 ||     3
 Stab: Sleeping          |     1 |       |     2 |     4 ||     7
       Distracted        |       |       |       |     2 ||     2
  Eat: Chunk             |     2 |    10 |    22 |    29 ||    63
       Ration            |       |     3 |     1 |     4 ||     8
Armor: Leather armour    |    27 |    48 |    66 |       ||   141
       Ring mail         |       |       |   116 |   299 ||   415
Dodge: Dodged            |    76 |   168 |   457 |   574 ||  1275

Table legend:
 A = Non-vault XP
 B = Vault XP
 C = Vault XP percentage of total XP
 D = Non-vault monster count
 E = Vault monster count
 F = Vault count percentage of total count
                 A         B        C        D         E       F
            +---------+---------+-------+---------+---------+-------
      Total |   12704 |    3762 |  22.8 |     269 |      43 |  13.8
            +---------+---------+-------+---------+---------+-------
        D:1 |      28 |       0 |   0.0 |      14 |       0 |   0.0
        D:2 |      49 |      39 |  44.3 |      25 |       1 |   3.8
        D:3 |     458 |      35 |   7.1 |      42 |       1 |   2.3
        D:4 |     162 |       0 |   0.0 |      14 |       0 |   0.0
        D:5 |     482 |      61 |  11.2 |      14 |       6 |  30.0
        D:6 |    1283 |       1 |   0.1 |      33 |       1 |   2.9
        D:7 |    1294 |     121 |   8.6 |      33 |       1 |   2.9
        D:8 |    1791 |     454 |  20.2 |      23 |       1 |   4.2
        D:9 |    2971 |    1050 |  26.1 |      29 |       2 |   6.5
       D:10 |    3413 |     800 |  19.0 |      37 |       4 |   9.8
       D:11 |     136 |       0 |   0.0 |       2 |       0 |   0.0
     Lair:1 |     637 |    1022 |  61.6 |       3 |      10 |  76.9
    Ossuary |       0 |     179 | 100.0 |       0 |      16 | 100.0
            +---------+---------+-------+---------+---------+-------
